 Dungeon Crawl Stone Soup version 0.30-a0-304-gdc4b735fe1 (webtiles) character file.

Game seed: 3234769090509499945

1762 lonewolfV2 the Chopper (level 8, -2/61 HPs)
             Began as a Demonspawn Fighter on Oct 20, 2022.
             Slain by a gnoll
             ... wielding a +0 halberd
             ... led by a gnoll sergeant
              (8 damage)
             ... on level 6 of the Dungeon.
             The game lasted 00:10:12 (6617 turns).

lonewolfV2 the Chopper (Demonspawn Fighter)         Turns: 6617, Time: 00:10:13

Health: -2/61      AC:  9    Str: 17    XL:     8   Next: 79%
Magic:  8/9        EV: 10    Int: 12    God:
Gold:   219        SH:  6    Dex: 12    Spells: 8/8 levels left

rFire   + . .      SeeInvis +    a - +1 war axe (freeze)
rCold   + . .      Faith    .    c - +1 buckler
rNeg    . . .      Spirit   .    b - +0 scale mail
rPois   +          Reflect  .    (no helmet)
rElec   +          Harm     .    (no cloak)
rCorr   +          Rampage  .    (no gloves)
Will    .....                    (boots unavailable)
Stlth   ..........               (no amulet)
HPRegen 0.30/turn                l - ring of see invisible
MPRegen 0.11/turn                (no ring)

@: mighty, resistant
A: hooves 3, thin metallic scales 1, demonic magic 2
a: no special abilities


You were on level 6 of the Dungeon.
You visited 1 branch of the dungeon, and saw 6 of its levels.

You collected 219 gold pieces.

Inventory:

Hand Weapons
 a - a +1 war axe of freezing (weapon)
Armour
 b - a +0 scale mail (worn)
 c - a +1 buckler (worn)
Jewellery
 l - a ring of see invisible (left hand)
Wands
 f - a wand of polymorph (8)
 k - a wand of flame (24) (quivered)
Scrolls
 h - 3 scrolls of immolation
 i - a scroll of vulnerability
 q - a scroll of enchant weapon
Potions
 d - 3 potions of might
 e - a potion of attraction
 j - a potion of lignification
 m - a potion of degeneration
 n - 2 potions of mutation


   Skills:
 + Level 4.9 Fighting
 + Level 6.7 Axes
 + Level 5.6 Armour
 + Level 3.1 Dodging
 + Level 1.0 Stealth
 + Level 4.0 Shields
 + Level 1.1 Unarmed Combat
 * Level 0.8 Spellcasting
 + Level 0.8 Evocations


You had 8 spell levels left.
You didn't know any spells.
Your spell library contained the following spells:

 Spells                   Type           Power      Damage    Failure   Level
 Beastly Appendage        Tmut           0%         N/A       77%         1
 Wereblood                Tmut           0%         N/A       88%         2
 Kindle Blastsparks       Fire/Tloc/Air  0%         2d10      98%         3
 Spider Form              Tmut/Pois      0%         N/A       98%         3
 Fulminant Prism          Conj/Hex       0%         3d6       100%        4
 Iskenderun's Mystic Bla  Conj/Tloc      0%         2d3       100%        4
 Lee's Rapid Deconstruct  Erth           0%         3d4*      100%        5


Dungeon Overview and Level Annotations

Branches:
Dungeon (6/15)
 Temple: D:4-7

Altars:
Dithmenos
Gozag
Hepliaklqana
Kikubaaqudgha
Uskayaw

Shops:
D:2 :   D:3 ?   D:4 !


Innate Abilities, Weirdness & Mutations

You have hooves in place of feet.
You are partially covered in thin metallic scales. (AC +2)
Spells you cast may paralyse nearby enemies.


Message History

The gnoll sergeant hits you from afar with a +0 spear!
Unknown command.
The gnoll hits you from afar with a +0 halberd.
The gnoll sergeant hits you with a +0 spear.
Things that are here:
a +0 flail; a gnoll corpse The gnoll hits you from afar with a +0 halberd!
* * * LOW HITPOINT WARNING * * *
The gnoll sergeant blocks your attack.
The gnoll hits you from afar with a +0 halberd!
* * * LOW HITPOINT WARNING * * *
The gnoll sergeant barely misses you.
You feel much better. The gnoll hits you but does no damage.
The gnoll sergeant hits you with a +0 spear!
* * * LOW HITPOINT WARNING * * *
You feel better. The gnoll hits you but does no damage.
The gnoll sergeant hits you with a +0 spear.
* * * LOW HITPOINT WARNING * * *
You feel very mighty all of a sudden. The gnoll closely misses you.
The gnoll sergeant hits you but does no damage.
You hit the gnoll sergeant. You freeze the gnoll sergeant.
You kick the gnoll sergeant!
The gnoll sergeant is heavily wounded.
The gnoll closely misses you.
The gnoll sergeant hits you with a +0 spear!
* * * LOW HITPOINT WARNING * * *
The gnoll sergeant hits you with a +0 spear.
* * * LOW HITPOINT WARNING * * *
You block the gnoll's attack.
You feel protected.
An iguana comes into view.
The gnoll sergeant barely misses you. The gnoll barely misses you.
The iguana hisses angrily.
You slash the gnoll sergeant! You freeze the gnoll sergeant.
You kill the gnoll sergeant!
The gnoll closely misses you.
Unknown command.
The gnoll hits you with a +0 halberd!
You die...

............#..#............
!..............#...........#
.....................##.....
..###......#.#..#.... ##.#.#
. #.#............... ###..
####$..............###.#
##.)................#
#.)...........#.#...
#..@g...###.. # ##..
#...)....## #. ##.
#.............. #.
#............... #.
................ ##.
#.l..#####...... #.. ..###
...... #.. ## ...... #..
.[...


You could see an iguana and a gnoll.

Vanquished Creatures
  Prince Ribbit (D:5)
  Grinder (D:4)
  Menkaure (D:5)
  Duvessa (D:5)
  A black bear (D:5)
  A centaur (D:5)
  2 phantoms
  Blork the orc (D:4)
  A gnoll sergeant (D:6)
  A necrophage (D:6)
  A scorpion (D:5)
  Dowan (D:5)
  Crazy Yiuf (D:4)
  An orc priest (D:3)
  A gnoll bouda (D:5)
  Jessica (D:2)
  6 iguanas
  Ijyb (D:5)
  An orc wizard (D:3)
  Robin (D:2)
  5 gnolls
  6 adders
  A shadow imp (D:5)
  2 white imps
  2 dart slugs
  3 orcs (D:3)
  6 bats
  8 endoplasms
  17 goblins
  15 hobgoblins
  7 kobolds
  4 quokkas
  8 ball pythons
  8 frilled lizards
  6 rats
  A rat zombie (D:5)
125 creatures vanquished.

Vanquished Creatures (others)
  3 plants (D:2)
3 creatures vanquished.

Grand Total: 128 creatures vanquished

Notes
Turn   | Place    | Note
-------+----------+-------------------------------------------
     0 | D:1      | lonewolfV2 the Demonspawn Fighter began the quest for the
                  | Orb.
     0 | D:1      | Reached XP level 1. HP: 18/18 MP: 1/1
    16 | D:1      | Found a faded altar of an unknown god.
   100 | D:1      | Gained mutation: You have large cloven feet. [demonic
                  | ancestry]
   100 | D:1      | Reached XP level 2. HP: 8/24 MP: 2/2
   461 | D:1      | Reached skill level 2 in Axes
   727 | D:2      | Reached XP level 3. HP: 27/29 MP: 3/3
   876 | D:2      | Reached skill level 1 in Dodging
  1007 | D:2      | Noticed Jessica
  1024 | D:2      | Killed Jessica
  1025 | D:2      | Gained mutation: Spells you cast may paralyse adjacent
                  | enemies. [demonic ancestry]
  1025 | D:2      | Reached XP level 4. HP: 24/35 MP: 4/4
  1216 | D:2      | Found Finwuore's Book Shop.
  1519 | D:3      | Noticed Robin
  1536 | D:2      | Killed Robin
  1537 | D:2      | Reached skill level 3 in Axes
  1538 | D:2      | Gained mutation: You have hoof-like feet. [demonic
                  | ancestry]
  1538 | D:2      | Reached XP level 5. HP: 18/41 MP: 5/5
  1997 | D:3      | Found Esmips's Magic Scroll Shoppe.
  1998 | D:3      | Found a shadowy altar of Dithmenos.
  2684 | D:4      | Noticed a phantom
  2692 | D:4      | Killed a phantom
  2693 | D:4      | Gained mutation: You have hooves in place of feet. [demonic
                  | ancestry]
  2693 | D:4      | Reached XP level 6. HP: 36/47 MP: 6/6
  2776 | D:4      | Found Wyfawn's Distillery.
  2846 | D:4      | Noticed Blork the orc
  2861 | D:4      | Killed Blork the orc
  2862 | D:4      | Reached skill level 4 in Axes
  3175 | D:4      | Found a runed translucent door.
  3176 | D:4      | Noticed Crazy Yiuf
  3268 | D:4      | Noticed Grinder
  3280 | D:4      | Paralysed by Grinder for 4 turns
  3286 | D:4      | Killed Grinder
  3287 | D:4      | Gained mutation: Spells you cast may paralyse nearby
                  | enemies. [demonic ancestry]
  3287 | D:4      | Reached XP level 7. HP: 45/53 MP: 7/7
  3829 | D:4      | Killed Crazy Yiuf
  3920 | D:5      | Entered Level 5 of the Dungeon
  3935 | D:5      | Found a hazy altar of Hepliaklqana.
  4300 | D:5      | Reached skill level 5 in Axes
  4314 | D:5      | Noticed a +0 dagger
  4314 | D:5      | Noticed a +0 spear
  4316 | D:5      | Noticed a +0 dagger
  4323 | D:5      | Noticed a +0 spear
  4323 | D:5      | Noticed a +0 falchion
  4326 | D:5      | Noticed a +0 falchion
  4326 | D:5      | Noticed a +0 short sword
  4327 | D:5      | Noticed a +0 short sword
  4329 | D:5      | Found a hide-covered altar of Uskayaw.
  4517 | D:5      | Gained mutation: You are partially covered in thin metallic
                  | scales. (AC +2) [demonic ancestry]
  4517 | D:5      | Reached XP level 8. HP: 50/60 MP: 8/8
  4572 | D:5      | Noticed Prince Ribbit
  4584 | D:5      | Killed Prince Ribbit
  4585 | D:5      | Reached skill level 6 in Axes
  4585 | D:5      | Reached skill level 5 in Armour
  4910 | D:5      | Noticed Ijyb
  4955 | D:5      | Killed Ijyb
  5138 | D:5      | Noticed Duvessa
  5138 | D:5      | Noticed Dowan
  5150 | D:5      | Killed Duvessa
  5159 | D:5      | Killed Dowan
  5253 | D:5      | Noticed Menkaure
  5271 | D:5      | Killed Menkaure
  5801 | D:5      | Reached skill level 1 in Stealth
  5918 | D:5      | Found an ancient bone altar of Kikubaaqudgha.
  6413 | D:6      | Found an opulent altar of Gozag.
  6496 | D:6      | Reached skill level 1 in Unarmed Combat
  6617 | D:6      | Slain by a gnoll

Illustrated notes

Levels and vault maps discovered:
D:1:      minmay_arrival_jagged, layout_basic, ebering_ecumenical_altar_ruins,
          minivault_23
D:2:      minmay_general_purpose_star, layout_basic, serial_shops,
          nicolae_shop_stone, serial_forest, infiniplex_forest_lined_ring,
          infiniplex_forest_lined_2, infiniplex_forest_lined_3,
          infiniplex_forest_end_2, infiniplex_forest_clump_diagonal,
          infiniplex_forest_lined_room_2, infiniplex_forest_clump_cross,
          infiniplex_forest_lined_3, uniq_jessica
D:3:      layout_rooms, mainiacjoe_overflow_catwalk, serial_shops, shop,
          uniq_robin
D:4:      layout_basic, nicolae_elyvilon_peaceful_grove, serial_shops,
          kennysheep_little_box, minivault_19, uniq_crazy_yiuf_cottage,
          uniq_blork_the_orc, uniq_grinder
D:5:      layout_basic, nicolae_uskayaw_en_pointe,
          lemuel_zombie_altar_kikubaaqudgha,
          mainiacjoe_overflow_concentric_impassable, uniq_duvessa,
          uniq_prince_ribbit1, uniq_menkaure, uniq_ijyb
D:6:      minmay_evil_eye, layout_cave_pools, grunt_gozag_breadcrumbs,
          lemuel_coloured_pillars_altar, minmay_temple_entry_nine_rooms

Skill      XL: |  1  2  3  4  5  6  7  8 |
---------------+-------------------------+-----
Shields        | 3 4 |  4.0
Armour         | 3 4 5 |  5.6
Axes           | 2 3 4 5 6 |  6.7
Dodging        | 1 2 3 |  3.1
Fighting       | 4 |  4.9
Stealth        | 1 |  1.0
Unarmed Combat | 1 |  1.1
Spellcasting   | |  0.8
Evocations     | |  0.8

Action                   |  1- 3 |  4- 6 |  7- 9 || total
-------------------------+-------+-------+-------++-------
Melee: War axe           |    77 |   116 |   104 ||   297
       Kick              |    10 |    21 |    27 ||    58
       Unarmed           |       |       |    35 ||    35
Evoke: Wand              |       |       |     6 ||     6
  Use: Potion            |       |     2 |     4 ||     6
       Scroll            |       |    11 |     7 ||    18
Armor: Scale mail        |    46 |    76 |    47 ||   169
Dodge: Dodged            |    31 |    69 |    79 ||   179
Block: Buckler           |    23 |    40 |    29 ||    92

Table legend: (Time is in decaauts)
 A = Elapsed time spent in this place.
 B = Non-inter-level travel time spent in this place.
 C = Inter-level travel time spent in this place.
 D = Time resting spent in this place.
 E = Time spent auto-exploring this place.
 F = Levels seen in this place.
 G = Mean time per level.
                   A        B        C        D        E       F      G
               +--------+--------+--------+--------+--------+-----+--------+
         Total |   6731 |   6531 |    200 |   1902 |   3467 |   6 | 1121.8 |
       Dungeon |   6731 |   6531 |    200 |   1902 |   3467 |   6 | 1121.8 |
               +--------+--------+--------+--------+--------+-----+--------+

Top non-repeatable levels by time:
     D:5: 2345 daAuts
     D:4: 1331 daAuts
     D:2: 1284 daAuts
     D:3: 816 daAuts
     D:1: 665 daAuts
     D:6: 288 daAuts
